Map: Acid Plant LE

Players

Ziggy

  • Race: Terran Terran
  • Spawn Location: 5:00

harstem - Winner!

  • Race: Protoss Protoss
  • Spawn Location: 11:00

Event: WCS Austin 2018

VOD

Have the link to the VOD?

Description

Time

  • Played on: June 1, 2018, 3:26 p.m.
  • Length: 14:14

All games in this series

Show
View Real Time Build Order
Export as new Build Order

Ziggy Terran 

Build Orders: Reaper Expand, MMM Bio 

Get SALT Encoding   

  12  0:00  SCV  
  13  0:12  SCV  
  14  0:17  Supply Depot  
  14  0:25  SCV  
  15  0:39  SCV  
  15  0:40  Barracks  
  16  0:44  Refinery  
  16  0:51  SCV  
  17  1:03  SCV  
  18  1:15  SCV  
  19  1:28  Reaper  
  19  1:29  Orbital Command  
  20  1:41  Command Center  
  20  1:55  Barracks  
  20  1:56  SCV  
  21  2:02  Barracks Reactor  
  21  2:07  Supply Depot  
  21  2:09  SCV  
  22  2:16  Refinery  
  22  2:21  SCV  
  23  2:33  SCV  
  24  2:38  Factory  
  24  2:39  Marine x2  
  26  2:44  Barracks Tech Lab  
  26  2:45  SCV  
  27  2:57  Marine x2  
  29  3:00  SCV  
  29  3:04  Stimpack, Marine  
  31  3:07  Orbital Command  
  31  3:14  SCV  
  31  3:15  Marine x2  
  34  3:22  Marine  
  34  3:26  SCV  
  36  3:27  Starport  
  36  3:29  Factory Reactor  
  36  3:33  SCV  
  37  3:36  Marine  
  37  3:38  Marine, SCV  
  40  3:41  Marine  
  40  3:45  SCV  
  40  3:48  Supply Depot  
  42  3:50  SCV  
  43  3:55  Engineering Bay, Marine  
  43  3:59  Marine  
  45  4:07  Marine  
  45  4:13  Marine  
  46  4:22  Medivac x2  
  46  4:23  SCV x2, Missile Turret  
  51  4:25  Missile Turret  
  51  4:26  Marine  
  51  4:28  Supply Depot  
  51  4:31  Marauder  
  54  4:38  SCV x2  
  55  4:39  Factory Reactor  
  55  4:46  Barracks  
  55  4:51  Marine x2  
  56  4:56  SCV x2  
  58  5:02  Terran Infantry Weapons Level 1  
  58  5:04  Barracks  
  58  5:08  SCV x2  
  58  5:10  Combat Shields  
  58  5:14  Marine x2  
  60  5:17  Marauder  
  61  5:29  Medivac, Widow Mine x2  
  61  5:32  Marine x2  
  61  5:34  Supply Depot  
  69  5:37  SCV  
  69  5:42  Supply Depot  
  70  5:43  Supply Depot  
  70  5:47  Refinery  
  70  5:51  Barracks Tech Lab  
  70  5:52  Barracks Tech Lab  
  70  5:56  Widow Mine x2, SCV x2  
  76  5:58  Marine x2  
  78  6:08  SCV x2  
  78  6:09  Ghost Academy  
  80  6:13  Barracks, Marine  
  81  6:19  Marauder  
  81  6:20  Widow Mine x2, SCV  
  84  6:34  Marauder, Marine x2  
  84  6:37  Medivac  
  84  6:39  Ghost  
  86  6:43  Supply Depot  
  86  6:45  Refinery  
  86  6:49  Marauder  
  86  6:50  Widow Mine  
  86  6:52  SCV x2  
  92  6:56  Marauder  
  94  7:05  Marine x3  
  97  7:09  Marauder  
  97  7:10  Marine, Supply Depot  
  102  7:17  Liberator, Marine  
  105  7:23  Marine x2  
  105  7:26  Marine  
  105  7:28  Marine  
  102  7:30  Marauder  
  107  7:37  Barracks, Factory Tech Lab  
  101  7:51  Marine  
  101  7:52  Marauder  
  101  7:56  Marauder x2, Liberator  
  101  7:57  Siege Tank  
  109  7:59  Liberator  
  105  8:07  Marine x2  
  105  8:09  Marine  
  108  8:13  Marauder  
  108  8:17  Marauder  
  118  8:28  Marine x2, Supply Depot x2  
  118  8:31  Siege Tank  
  123  8:34  Marauder  
  123  8:38  Marine  
  123  8:39  Liberator  
  123  8:40  Marauder  
  126  8:42  Liberator  
  126  8:48  Marine  
  126  8:49  Marine x2  
  126  8:50  Marauder  
  126  8:55  Marine  
  128  8:56  Marine  
  138  9:06  Marine  
  138  9:09  Marine x2  
  140  9:14  Supply Depot, Siege Tank  
  140  9:15  Supply Depot  
  140  9:16  Supply Depot  
  142  9:20  Marauder  
  142  9:22  Liberator  
  138  9:26  Marauder, Marine  
  137  9:33  Marine x4  
  142  9:46  Liberator  
  142  9:47  Marine x3  
  142  9:50  Siege Tank  
  142  9:52  Marauder  
  149  9:58  Marine x2  
  151  10:05  Marauder  
  155  10:08  Marine x3  
  155  10:12  Marine  
  147  10:16  Marine x2  
  131  10:23  Siege Tank  
  131  10:25  Marine x2  
  131  10:26  Marauder  
  131  10:27  Marauder  
  140  10:30  Marine  
  140  10:33  Marine  
  140  10:34  Marine  
  140  10:35  Medivac  
  140  10:46  Medivac  
  140  10:48  Marauder, Marine  
  140  10:49  Marauder, Marine  
  143  10:52  Liberator  
  108  11:10  Marine  
  112  11:11  Marauder  
  112  11:15  Marine  
  112  11:16  Marauder  
  112  11:23  Marine x3  
  116  11:32  Marauder  
  116  11:38  Marauder, Marine x2  
  117  11:40  Liberator  
  117  11:41  Marine  
  117  11:42  Marauder, Marine  
  112  11:54  Marauder  
  112  11:55  Marine  
  112  11:56  Marine  
  112  11:59  Marine x2  
  112  12:00  Marauder  
  121  12:03  Marine  
  113  12:13  Marine x2  
  113  12:15  Marauder  
  109  12:17  Marine x2  
  109  12:20  Marine  
  109  12:21  Marauder  
  100  12:31  Marine x2  
  100  12:33  Liberator  
  100  12:34  Marine  
  100  12:35  Marine  
  100  12:37  Marauder  
  104  12:38  Marine  
  104  12:42  Marauder  
  104  12:57  Marine  
  104  12:58  Marauder  
  98  13:14  Marauder, Marine x4  
  97  13:21  Marine x2  
  92  13:31  Marine  
  92  13:32  Marine x2  
  84  13:35  Marine  
  84  13:39  Marine  
  82  13:46  Marine  
  82  13:49  Marine  
  83  13:56  Marine  
Show
View Real Time Build Order
Export as new Build Order

harstem Protoss - Winner!

Build Orders: 1 Gate Expand, Oracle Opening 

Get SALT Encoding   

  12  0:01  Probe  
  13  0:13  Probe  
  14  0:17  Pylon  
  14  0:25  Probe  
  15  0:33  Probe  
  15  0:38  Gateway  
  15  0:41  Probe  
  16  0:48  Assimilator  
  17  0:52  Probe  
  18  1:04  Probe  
  19  1:16  Probe  
  20  1:25  Nexus  
  20  1:35  Cybernetics Core  
  20  1:38  Probe  
  21  1:45  Assimilator  
  21  1:50  Probe  
  21  1:53  Pylon  
  22  2:02  Probe  
  22  2:03  Adept  
  26  2:15  Probe  
  26  2:19  Stargate  
  26  2:24  Probe  
  26  2:29  Warp Gate  
  27  2:32  Probe  
  27  2:33  Adept  
  30  2:38  Probe  
  30  2:42  Probe  
  31  2:50  Probe  
  33  2:54  Oracle, Probe  
  33  3:03  Probe  
  37  3:06  Probe  
  37  3:10  Pylon  
  38  3:15  Probe  
  38  3:18  Probe  
  40  3:23  Gateway x2, Oracle  
  40  3:27  Probe  
  44  3:35  Probe  
  44  3:40  Adept, Probe  
  48  3:44  Pylon  
  48  3:47  Probe  
  49  3:52  Probe  
  50  3:59  Probe  
  51  4:04  Probe  
  52  4:10  Nexus  
  52  4:12  Probe  
  53  4:18  Probe  
  53  4:20  Pylon  
  54  4:26  Probe  
  54  4:28  Assimilator  
  54  4:29  Pylon  
  54  4:30  Probe  
  56  4:35  Assimilator  
  56  4:37  Phoenix  
  58  4:38  Probe  
  58  4:39  Stalker  
  58  4:41  Sentry  
  58  4:42  Stalker  
  58  4:43  Probe  
  66  4:50  Probe  
  67  4:53  Phoenix  
  67  4:56  Probe  
  67  4:59  Shield Battery  
  68  5:03  Adept, Probe  
  73  5:08  Probe  
  73  5:09  Twilight Council  
  73  5:10  Adept  
  76  5:14  Adept  
  78  5:21  Probe  
  78  5:22  Forge  
  78  5:27  Blink  
  79  5:29  Probe x2  
  79  5:30  Adept x2  
  79  5:34  Probe  
  86  5:38  Protoss Ground Weapons Level 1  
  86  5:39  Adept  
  86  5:41  Probe x2  
  86  5:42  Pylon  
  90  5:46  Probe  
  91  5:53  Probe  
  93  5:57  Pylon  
  93  6:04  Stalker x3  
  98  6:07  Pylon  
  98  6:11  Shield Battery  
  98  6:17  Probe  
  99  6:18  Photon Cannon  
  99  6:22  Gateway  
  99  6:26  Gateway  
  99  6:27  Adept x3  
  102  6:37  Probe x2  
  102  6:38  Probe  
  105  6:40  Pylon  
  105  6:43  Photon Cannon  
  105  6:44  Photon Cannon  
  105  6:48  Stalker, Oracle  
  105  6:49  Robotics Facility, Probe  
  105  6:52  Pylon  
  108  6:56  Gateway  
  106  7:06  Stalker x2  
  110  7:10  Probe x2  
  110  7:14  Pylon  
  112  7:18  Probe  
  112  7:19  Gateway, Sentry  
  112  7:20  Sentry  
  115  7:23  Pylon  
  115  7:24  Shield Battery  
  115  7:26  Pylon  
  115  7:27  Immortal  
  115  7:29  Probe  
  116  7:33  Stalker x2, Assimilator  
  124  7:45  Robotics Bay  
  124  7:47  Stalker x2  
  124  7:50  Stalker  
  126  7:56  Shield Battery  
  126  8:03  Protoss Ground Armor Level 1  
  126  8:04  Zealot  
  128  8:08  Sentry, Shield Battery x2  
  128  8:09  Immortal  
  128  8:11  Shield Battery  
  128  8:12  Pylon  
  130  8:23  Stalker, Probe  
  130  8:25  Pylon  
  137  8:31  Probe  
  135  8:36  Disruptor  
  135  8:37  Probe x2  
  135  8:42  Stalker x2, Assimilator  
  135  8:46  Pylon  
  142  8:50  Gateway  
  142  8:55  Charge  
  142  8:58  Forge  
  142  8:59  Pylon  
  142  9:01  Pylon  
  142  9:03  Disruptor  
  140  9:15  Stalker x4  
  151  9:22  Zealot x2  
  155  9:32  Probe  
  155  9:36  Disruptor  
  156  9:44  Zealot x5  
  169  9:48  Probe  
  169  9:50  Pylon  
  170  9:52  Pylon  
  170  9:55  Protoss Ground Armor Level 2, Protoss Ground Weapons Level 2  
  170  10:00  Disruptor  
  170  10:03  Zealot x2  
  171  10:10  Zealot  
  156  10:20  Zealot x3  
  146  10:33  Disruptor  
  146  10:34  Stalker x4  
  154  10:37  Probe  
  154  10:39  Dark Shrine  
  158  10:52  Zealot x3  
  122  11:05  Stalker x2  
  122  11:06  Stalker x2  
  122  11:08  Disruptor  
  123  11:15  Zealot x3  
  123  11:28  Zealot  
  123  11:29  Zealot x3  
  130  11:37  Stalker x3  
  136  11:44  Disruptor  
  133  11:50  Zealot x4  
  134  12:01  Dark Templar x2  
  138  12:02  Zealot  
  132  12:15  Zealot x4  
  130  12:20  Disruptor  
  123  12:24  Zealot  
  121  12:34  Stalker x2  
  121  12:38  Stalker x3  
  121  12:39  Stalker  
  121  12:41  Nexus  
  128  12:45  Disruptor  
  127  13:00  Dark Templar  
  127  13:02  Zealot x3  
  127  13:03  Nexus  
  131  13:15  Dark Templar  
  132  13:23  Zealot x3  
  132  13:24  Zealot  
  133  13:30  Stalker  
  128  13:41  Sentry  
  128  13:46  Probe  
  130  13:50  Probe  
  128  14:03  Zealot x3  
  121  14:13  Zealot x2, Sentry  
Tags
 
Add a new tag
Caveats
  • Supply blocks, unpowered buildings, or Contaminate may cause inaccurate times.
  • Supply counts are checked every 10 seconds.